 Dungeon Crawl Stone Soup version 0.29.1-1-gd02db6906a (webtiles) character file.

Game seed: 14519996297884899919

4 H0rd4k the Charlatan (level 1, -1/15 HPs)
             Began as a Human Artificer on Oct 11, 2022.
             Slain by a quokka (4 damage)
             ... on level 1 of the Dungeon.
             The game lasted 00:00:09 (320 turns).

H0rd4k the Charlatan (Human Artificer)               Turns: 320, Time: 00:00:09

Health: -1/15      AC:  3    Str: 12    XL:     1   Next: 66%
Magic:  1/1        EV: 11    Int: 11    God:
Gold:   0          SH:  0    Dex: 13    Spells: 0/0 levels left

rFire   . . .      SeeInvis .   a - +0 club
rCold   . . .      Faith    .   (no shield)
rNeg    . . .      Spirit   .   b - +0 leather armour
rPois   .          Reflect  .   (no helmet)
rElec   .          Harm     .   (no cloak)
rCorr   .          Rampage  .   (no gloves)
Will    .....                   (no boots)
Stlth   +.........              (no amulet)
HPRegen 0.05/turn               (no ring)
MPRegen 0.07/turn               (no ring)

@: no status effects
A: no striking features
a: no special abilities


You were on level 1 of the Dungeon.
You visited 1 branch of the dungeon, and saw 1 of its levels.

Inventory:

Hand Weapons
 a - a +0 club (weapon)
Armour
 b - a +0 leather armour (worn)
Wands
 c - a wand of flame (15) (quivered)
 d - a wand of charming (15)
 e - a wand of iceblast (5)
Scrolls
 f - a scroll of teleportation {unknown}


   Skills:
 + Level 1.2 Fighting
 + Level 0.5 Maces & Flails
 - Level 2.0 Armour
 + Level 1.1 Dodging
 - Level 1.0 Stealth
 - Level 3.0 Evocations


You couldn't memorise any spells.
You didn't know any spells.
Your spell library was empty.

Dungeon Overview and Level Annotations

Branches:
Dungeon (1/15)

Altars:


Message History

You hit the hobgoblin.
The hobgoblin is moderately wounded.
The hobgoblin closely misses you. The quokka closely misses you.
The hobgoblin hits you.
You hit the hobgoblin but do no damage.
The hobgoblin is moderately wounded.
A giant cockroach comes into view.
The quokka closely misses you. The hobgoblin closely misses you.
You hit the hobgoblin.
The hobgoblin is almost dead.
The quokka misses you. The hobgoblin barely misses you.
The quokka closely misses you. The kobold attacks as you move away!
The kobold hits you with a +0 club. The quokka attacks as you move away!
The quokka closely misses you.
The giant cockroach attacks as you move away!
The giant cockroach bites you. The giant cockroach barely misses you.
You hit the giant cockroach but do no damage.
The giant cockroach barely misses you.
The quokka twitches its whiskers.
You hit the giant cockroach.
The giant cockroach is moderately wounded.
The giant cockroach closely misses you. The giant cockroach misses you.
You hit the giant cockroach.
The giant cockroach is almost dead.
The giant cockroach bites you but does no damage.
You closely miss the giant cockroach.
The giant cockroach is almost dead.
The giant cockroach barely misses you. x2
You barely miss the giant cockroach.
The giant cockroach is almost dead.
The giant cockroach closely misses you.
You hit the giant cockroach.
You kill the giant cockroach!
The quokka barely misses you.
You barely miss the quokka. The quokka bites you.
You hit the quokka but do no damage. You punch the quokka, but do no damage.
The quokka closely misses you. The quokka bites you.
* * * LOW HITPOINT WARNING * * *
You miss the quokka. The quokka bites you.
You die... .PP......PP.P.#...##.# PP.♣..PP.P..♣..#...##.# ♣P.P.♣PP.♣.P..P#...##.# PPP♣P♣.

.♣.P.P
#...##.#
#....#..
#....###
#....#
###....#
#@rg...#
###K...#
...........#
....[...##.#
........# .#
........# .#
........#
........#
########.


You could see a quokka, a hobgoblin and a kobold.

Vanquished Creatures
  A giant cockroach (D:1)
  A goblin (D:1)
  A hobgoblin (D:1)
3 creatures vanquished.

Notes
Turn   | Place    | Note
-------+----------+-------------------------------------------
     0 | D:1      | H0rd4k the Human Artificer began the quest for the Orb.
     0 | D:1      | Reached XP level 1. HP: 15/15 MP: 1/1
   320 | D:1      | Slain by a quokka

Illustrated notes

Levels and vault maps discovered:
D:1:      minmay_arrival_arboretum_small, layout_rooms, basic_ecumenical_altar,
          patterned_corridor

Action                   || total
-------------------------++-------
Melee: Club              ||    25
       Punch             ||     1
Armor: Leather armour    ||     2
Dodge: Dodged            ||    24
